Toronto Maple Leafs vs Montreal Canadiens
Created - Wednesday, June 14, 2023 at 07:11
Goals
|
| Toronto Maple Leafs |
2 |
0 |
0 |
0 |
0 |
2 |
| Montreal Canadiens |
0 |
2 |
0 |
0 |
1 |
3 |
|
Shots
|
| Toronto Maple Leafs |
11 |
5 |
9 |
2 |
4 |
27 |
| Montreal Canadiens |
12 |
13 |
10 |
0 |
4 |
35 |
|
1st period
1. Toronto Maple Leafs , Kyle Okposo 21 (Trevor Zegras 28) at 4:05 (PP)
2. Toronto Maple Leafs , Brady Tkachuk 59 (Sam Bennett 53) at 15:51 (PP)
Penalties :
Adam Fox (MTL) for Hooking (Minor) at 3:24, Brady Skjei (MTL) for Hooking (Minor) at 15:47, Nicolas Roy (TOR) for High sticking (Double Minor) at 19:44
2nd period
3. Montreal Canadiens , Miles Wood 18 (Dylan Larkin 33, Jonathan Marchessault 19) at 9:27
4. Montreal Canadiens , Brady Skjei 5 (Patrik Laine 28, Sidney Crosby 55) at 11:04 (PP)
Penalties :
Jonas Siegenthaler (TOR) for Interference (Minor) at 5:40, Aaron Ekblad (TOR) for Roughing (Minor) at 9:32, Sam Bennett (TOR) for Holding (Minor) at 11:50, Andrew Mangiapane (TOR) for Hooking (Minor) at 19:08
3rd period
No Goal
Penalties :
Scott Laughton (TOR) for High sticking (Minor) at 12:36
Overtime #1
No Goal
Penalties :
No Penalty
Shootout
Toronto Maple Leafs, Brady Tkachuk - Stopped by Jacob Markstrom
Montreal Canadiens, Sidney Crosby - Stopped by James Reimer
Toronto Maple Leafs, Sam Bennett - Shot Misses the Net
Montreal Canadiens, Filip Forsberg - Stopped by James Reimer
Toronto Maple Leafs, Troy Terry - Stopped by Jacob Markstrom
Montreal Canadiens, Dylan Larkin - Stopped by James Reimer
Toronto Maple Leafs, Andrew Mangiapane - Shot Misses the Net
Montreal Canadiens, Patrik Laine - Goal!
Penalties :
No Penalty
Goalie Stats
James Reimer (TOR), 33 saves from 35 shots - (0.943), OTL, 20-6-5, 65:00 minutes
Jacob Markstrom (MTL), 25 saves from 27 shots - (0.926), W, 31-18-8, 65:00 minutes
Players Stats for Toronto Maple Leafs
Player Name G A P +/- PIM S H SB GA TA FO MP PP MP PK MP
------------------------------------------------------------------------------------
Aaron Ekblad 0 0 0 -1 2 1 1 1 1 1 0/0 23:13 0:28 5:52
Andrew Mangiapane 0 0 0 0 2 1 0 0 1 0 0/1 12:20 0:21 0:00
Austin Watson 0 0 0 0 0 0 3 0 0 0 0/0 8:08 0:00 0:00
Brady Tkachuk 1 0 1 -1 0 6 2 0 1 0 1/8 21:06 0:24 6:33
Cody Ceci 0 0 0 0 0 4 1 1 1 1 0/0 24:58 0:17 5:32
Craig Smith 0 0 0 0 0 0 1 0 0 0 0/0 12:28 0:00 0:00
Dougie Hamilton 0 0 0 0 0 1 2 0 1 2 0/0 25:04 0:17 5:17
Jonas Siegenthaler 0 0 0 0 2 0 0 3 0 0 0/0 17:14 0:00 2:27
Josh Bailey 0 0 0 0 0 4 1 0 1 0 0/1 16:25 0:00 0:06
Kyle Okposo 1 0 1 0 0 2 2 0 0 0 0/0 8:41 0:21 2:41
Luke Schenn 0 0 0 0 0 0 1 1 0 0 0/0 15:45 0:00 1:00
Nicolas Roy 0 0 0 0 4 0 0 2 1 0 5/7 14:24 0:00 0:18
Pierre Engvall 0 0 0 0 0 0 0 0 1 0 0/0 8:14 0:00 0:06
Ryan Pulock 0 0 0 -1 0 1 4 2 0 3 0/0 24:14 0:28 6:46
Sam Bennett 0 1 1 -1 2 1 0 1 2 1 5/13 20:06 0:24 5:03
Scott Laughton 0 0 0 0 2 1 2 0 0 0 3/6 16:12 0:00 3:15
Trevor Zegras 0 1 1 0 0 3 0 0 0 1 5/13 16:06 0:21 2:35
Troy Terry 0 0 0 -1 0 2 2 0 2 0 1/6 21:49 0:24 6:17
Players Stats for Montreal Canadiens
Player Name G A P +/- PIM S H SB GA TA FO MP PP MP PK MP
------------------------------------------------------------------------------------
Adam Fox 0 0 0 1 2 0 0 2 0 2 0/0 27:06 6:10 0:04
Alexandre Carrier 0 0 0 0 0 0 4 2 0 0 0/0 14:24 0:00 0:12
Brady Skjei 1 0 1 0 2 2 1 0 0 2 0/0 23:28 7:17 0:29
Christian Fischer 0 0 0 0 0 1 2 0 0 0 0/0 8:19 0:04 0:00
Dylan Larkin 0 1 1 1 0 3 3 0 1 1 13/17 21:17 5:30 0:16
Filip Forsberg 0 0 0 0 0 2 1 0 0 0 0/1 21:42 6:39 0:29
Filip Hronek 0 0 0 0 0 1 2 0 0 2 0/0 23:29 7:17 0:29
Jack Quinn 0 0 0 0 0 2 2 0 0 0 0/0 8:06 0:00 0:00
Jake Evans 0 0 0 0 0 5 2 0 2 1 2/2 14:10 1:26 0:00
Jonathan Marchessault 0 1 1 1 0 4 2 0 3 0 0/1 18:58 5:32 0:00
Martin Necas 0 0 0 0 0 1 1 0 1 0 1/3 14:00 1:49 0:00
Miles Wood 1 0 1 1 0 2 5 0 0 2 0/0 19:02 5:16 0:00
Patrik Laine 0 1 1 0 0 2 2 1 1 1 0/0 21:25 6:45 0:16
Scott Mayfield 0 0 0 0 0 0 2 0 0 1 0/0 14:20 0:33 0:00
Sidney Crosby 0 1 1 0 0 3 0 0 1 0 18/26 21:45 6:45 0:29
Tomas Nosek 0 0 0 0 0 1 0 0 0 0 1/4 8:06 0:00 0:00
Tyler Myers 0 0 0 1 0 5 1 0 0 0 0/0 27:11 5:37 0:16
Tyson Jost 0 0 0 0 0 1 0 0 0 0 0/1 12:25 0:35 0:00
3 Stars
1 - Miles Wood (MTL)
2 - James Reimer (TOR)
3 - Dylan Larkin (MTL)
Power Play
Toronto Maple Leafs - 2 on 2 Attempt(s) - 100.00%
Montreal Canadiens - 1 on 7 Attempt(s) - 14.29%
Penalty Kill
Toronto Maple Leafs - 6 on 7 Attempt(s) - 85.71%
- Score 0 goal in Penalty Kill
Montreal Canadiens - 0 on 2 Attempt(s) - 0.00%
- Score 0 goal in Penalty Kill
Team Stat
Toronto Maple Leafs - Hits : 22 - Faceoff Wins : 20 - Blocked Shots : 11 - Penalty Minutes : 14
Montreal Canadiens - Hits : 30 - Faceoff Wins : 35 - Blocked Shots : 5 - Penalty Minutes : 4
Official
Referees : Kendrick Nicholson and Marc Joannette
Linesman : Bryan Pancich and Devin Berg
Game Notes
Kyle Okposo is injured at 10:01 of 2nd period (Sprained Left Knee)
Finance
Level 1 -- Attendance: 6000 (100.00%) -- Ticket Income $540,000
Level 2 -- Attendance: 5000 (100.00%) -- Ticket Income $250,000
Level 3 -- Attendance: 3000 (100.00%) -- Ticket Income $90,000
Level 4 -- Attendance: 5000 (100.00%) -- Ticket Income $100,000
Luxury Box -- Attendance: 1000 (100.00%) -- Ticket Income $195,000
Game was played at the Bell Centre.
Total Attendance: 20000 (100.00%)
Total Ticket Income: $1,175,000
Other Income: $411,250
Total Income: $1,586,250
Toronto Maple Leafs
5 vs 5 Forward
Center Left Wing Right Wing Time % Phy DF OF
1 Sam Bennett Brady Tkachuk Troy Terry 30 1 2 2
2 Trevor Zegras Andrew Mangiapane Kyle Okposo 30 1 2 2
3 Nicolas Roy Josh Bailey Craig Smith 25 1 2 2
4 Scott Laughton Pierre Engvall Austin Watson 15 1 2 2
5 vs 5 Defense
Defense Defense Time % Phy DF OF
1 Aaron Ekblad Ryan Pulock 35 1 2 2
2 Dougie Hamilton Cody Ceci 35 1 2 2
3 Luke Schenn Jonas Siegenthaler 30 1 2 2
4 Aaron Ekblad Ryan Pulock 0 1 2 2
PowerPlay Forward
Center Left Wing Right Wing Time % Phy DF OF
1 Sam Bennett Brady Tkachuk Troy Terry 50 1 2 2
2 Trevor Zegras Andrew Mangiapane Kyle Okposo 50 1 2 2
PowerPlay Defense
Defense Defense Time % Phy DF OF
1 Aaron Ekblad Ryan Pulock 50 1 2 2
2 Dougie Hamilton Cody Ceci 50 1 2 2
Penalty Kill 4 Players Forward
Center Wing Time % Phy DF OF
1 Brady Tkachuk Sam Bennett 50 1 2 2
2 Troy Terry Kyle Okposo 50 1 2 2
Penalty Kill 4 Players Defense
Defense Defense Time % Phy DF OF
1 Aaron Ekblad Ryan Pulock 50 1 2 2
2 Dougie Hamilton Cody Ceci 50 1 2 2
Penalty Kill - 3 Players Forward
Forward Time % Phy DF OF
1 Brady Tkachuk 50 1 2 2
2 Sam Bennett 50 1 2 2
Penalty Kill - 3 Players Defense
Defense Defense Time % Phy DF OF
1 Aaron Ekblad Ryan Pulock 50 1 2 2
2 Dougie Hamilton Cody Ceci 50 1 2 2
4 vs 4 Forward
Center Wing Time % Phy DF OF
1 Brady Tkachuk Sam Bennett 50 1 2 2
2 Troy Terry Kyle Okposo 50 1 2 2
4 vs 4 Defense
Defense Defense Time % Phy DF OF
1 Aaron Ekblad Ryan Pulock 50 1 2 2
2 Dougie Hamilton Cody Ceci 50 1 2 2
Last Minutes Offensive
Center Left Wing Right Wing Defense Defense
Sam Bennett Brady Tkachuk Troy Terry Aaron Ekblad Ryan Pulock
Last Minutes Defensive
Center Left Wing Right Wing Defense Defense
Sam Bennett Brady Tkachuk Troy Terry Aaron Ekblad Ryan Pulock
Goaltenders
Starting : James Reimer
Backup : Cam Talbot
Extra Forwards
Normal : Josh Bailey, Nicolas Roy, Scott Laughton - PP : Josh Bailey, Nicolas Roy - PK : Scott Laughton
Extra Defensemen
Normal : Luke Schenn, Jonas Siegenthaler, Dougie Hamilton - PP : Luke Schenn - PK : Jonas Siegenthaler, Dougie Hamilton
Penalty Shots
Brady Tkachuk, Sam Bennett, Troy Terry, Kyle Okposo, Andrew Mangiapane
Montreal Canadiens
5 vs 5 Forward
Center Left Wing Right Wing Time % Phy DF OF
1 Sidney Crosby Filip Forsberg Patrik Laine 30 1 1 3
2 Dylan Larkin Jonathan Marchessault Miles Wood 30 1 1 3
3 Martin Necas Tyson Jost Jake Evans 25 1 3 1
4 Tomas Nosek Christian Fischer Jack Quinn 15 1 3 1
5 vs 5 Defense
Defense Defense Time % Phy DF OF
1 Adam Fox Tyler Myers 30 1 2 2
2 Brady Skjei Filip Hronek 30 1 2 2
3 Scott Mayfield Alexandre Carrier 25 1 2 2
4 Adam Fox Tyler Myers 15 1 2 2
PowerPlay Forward
Center Left Wing Right Wing Time % Phy DF OF
1 Sidney Crosby Filip Forsberg Patrik Laine 50 1 0 4
2 Dylan Larkin Jonathan Marchessault Miles Wood 50 1 0 4
PowerPlay Defense
Defense Defense Time % Phy DF OF
1 Adam Fox Tyler Myers 50 1 1 3
2 Brady Skjei Filip Hronek 50 1 1 3
Penalty Kill 4 Players Forward
Center Wing Time % Phy DF OF
1 Sidney Crosby Filip Forsberg 50 1 4 0
2 Dylan Larkin Patrik Laine 50 1 4 0
Penalty Kill 4 Players Defense
Defense Defense Time % Phy DF OF
1 Adam Fox Tyler Myers 50 1 4 0
2 Brady Skjei Filip Hronek 50 1 4 0
Penalty Kill - 3 Players Forward
Forward Time % Phy DF OF
1 Sidney Crosby 50 1 4 0
2 Filip Forsberg 50 1 4 0
Penalty Kill - 3 Players Defense
Defense Defense Time % Phy DF OF
1 Adam Fox Tyler Myers 50 1 4 0
2 Brady Skjei Filip Hronek 50 1 4 0
4 vs 4 Forward
Center Wing Time % Phy DF OF
1 Sidney Crosby Filip Forsberg 50 1 2 2
2 Dylan Larkin Patrik Laine 50 1 2 2
4 vs 4 Defense
Defense Defense Time % Phy DF OF
1 Adam Fox Tyler Myers 50 1 2 2
2 Brady Skjei Filip Hronek 50 1 2 2
Last Minutes Offensive
Center Left Wing Right Wing Defense Defense
Sidney Crosby Filip Forsberg Patrik Laine Adam Fox Tyler Myers
Last Minutes Defensive
Center Left Wing Right Wing Defense Defense
Sidney Crosby Filip Forsberg Patrik Laine Adam Fox Tyler Myers
Goaltenders
Starting : Jacob Markstrom
Backup : Alex Nedeljkovic
Extra Forwards
Normal : Martin Necas, Jake Evans, Tyson Jost - PP : Martin Necas, Jake Evans - PK : Tyson Jost
Extra Defensemen
Normal : Scott Mayfield, Alexandre Carrier, Brady Skjei - PP : Scott Mayfield - PK : Alexandre Carrier, Brady Skjei
Penalty Shots
Sidney Crosby, Filip Forsberg, Dylan Larkin, Patrik Laine, Jonathan Marchessault
% Time on Ice - Toronto Maple Leafs
Lines # - Real PCT - Wanted PCT - Time Play
Normal Forward
1 - 27% - 30% - 12:31
2 - 32% - 30% - 14:48
3 - 23% - 25% - 10:33
4 - 17% - 15% - 7:56
Normal Defense
1 - 33% - 35% - 15:06
2 - 37% - 35% - 16:49
3 - 30% - 30% - 13:53
4 - 0% - 0% - 0:00
PP Forward
1 - 53% - 50% - 0:24
2 - 47% - 50% - 0:21
PP Defense
1 - 62% - 50% - 0:28
2 - 38% - 50% - 0:17
PK Forward
1 - 44% - 50% - 5:55
2 - 56% - 50% - 7:32
PK Defense
1 - 57% - 50% - 7:43
2 - 43% - 50% - 5:44
PK3 Forward
1 - 0% - 50%
2 - 0% - 50%
PK3 Defense
1 - 0% - 50%
2 - 0% - 50%
44 Forward
1 - 32% - 50% - 1:37
2 - 68% - 50% - 3:23
44 Defense
1 - 59% - 50% - 2:58
2 - 41% - 50% - 2:02
Last Minute Offensive - 0:00
Last Minute Defensive - 0:00
Total
Forward - 65:00
Defense - 65:00
|
% Time on Ice - Montreal Canadiens
Lines # - Real PCT - Wanted PCT - Time Play
Normal Forward
1 - 28% - 30% - 12:53
2 - 31% - 30% - 14:16
3 - 23% - 25% - 10:33
4 - 18% - 15% - 8:06
Normal Defense
1 - 30% - 30% - 13:49
2 - 30% - 30% - 13:35
3 - 29% - 25% - 13:24
4 - 11% - 15% - 5:00
PP Forward
1 - 53% - 50% - 7:06
2 - 47% - 50% - 6:21
PP Defense
1 - 46% - 50% - 6:10
2 - 54% - 50% - 7:17
PK Forward
1 - 64% - 50% - 0:29
2 - 36% - 50% - 0:16
PK Defense
1 - 36% - 50% - 0:16
2 - 64% - 50% - 0:29
PK3 Forward
1 - 0% - 50%
2 - 0% - 50%
PK3 Defense
1 - 0% - 50%
2 - 0% - 50%
44 Forward
1 - 54% - 50% - 2:42
2 - 46% - 50% - 2:18
44 Defense
1 - 46% - 50% - 2:17
2 - 54% - 50% - 2:43
Last Minute Offensive - 0:00
Last Minute Defensive - 0:00
Total
Forward - 65:00
Defense - 65:00
|
Play-by-Play
1st period
0:01 of 1st period - Sam Bennett wins face-off versus Sidney Crosby in neutral zone.
0:27 of 1st period - Tyler Myers is hit by Kyle Okposo and loses puck.
1:34 of 1st period - Wrist shot by Brady Tkachuk.
1:34 of 1st period - Shot Misses the Net.
1:38 of 1st period - Snap shot by Brady Tkachuk.
1:38 of 1st period - Shot Misses the Net.
1:40 of 1st period - Slapshot by Cody Ceci.
1:40 of 1st period - Stopped by Jacob Markstrom with a rebound.
2:11 of 1st period - Icing by Josh Bailey.
2:12 of 1st period - Nicolas Roy wins face-off versus Martin Necas in Toronto Maple Leafs zone.
2:25 of 1st period - Wrist shot by Craig Smith.
2:25 of 1st period - Shot Misses the Net.
2:41 of 1st period - Snap shot by Dylan Larkin.
2:41 of 1st period - Stopped by James Reimer without a rebound.
2:42 of 1st period - Dylan Larkin wins face-off versus Trevor Zegras in Toronto Maple Leafs zone.
2:49 of 1st period - Snap shot by Jonathan Marchessault.
2:49 of 1st period - Stopped by James Reimer without a rebound.
2:50 of 1st period - Sidney Crosby wins face-off versus Trevor Zegras in Toronto Maple Leafs zone.
3:24 of 1st period - Minor Penalty to Adam Fox for Hooking.
3:25 of 1st period - Sidney Crosby wins face-off versus Sam Bennett in Montreal Canadiens zone.
3:51 of 1st period - Wrist shot by Trevor Zegras.
3:51 of 1st period - Shot Hit the Post.
3:53 of 1st period - Slapshot by Cody Ceci.
3:53 of 1st period - Stopped by Jacob Markstrom without a rebound.
3:54 of 1st period - Sidney Crosby wins face-off versus Trevor Zegras in Montreal Canadiens zone.
4:05 of 1st period - Backhand shot by Kyle Okposo.
4:05 of 1st period - Goal by Kyle Okposo - Toronto Maple Leafs : 1 - Montreal Canadiens : 0.
4:06 of 1st period - Sam Bennett wins face-off versus Jonathan Marchessault in neutral zone.
4:20 of 1st period - Wrist shot by Jonathan Marchessault.
4:20 of 1st period - Shot Misses the Net.
4:41 of 1st period - Wrist shot by Filip Forsberg.
4:41 of 1st period - Stopped by James Reimer with a rebound.
4:53 of 1st period - Trevor Zegras is hit by Alexandre Carrier and loses puck.
5:44 of 1st period - Scott Laughton is hit by Miles Wood and loses puck.
6:23 of 1st period - Snap shot by Trevor Zegras.
6:23 of 1st period - Shot Misses the Net.
6:25 of 1st period - Snap shot by Kyle Okposo.
6:25 of 1st period - Stopped by Jacob Markstrom without a rebound.
6:26 of 1st period - Tomas Nosek wins face-off versus Troy Terry in Montreal Canadiens zone.
6:26 of 1st period - Tomas Nosek is hit by Ryan Pulock.
6:52 of 1st period - Alexandre Carrier is hit by Kyle Okposo and loses puck.
6:59 of 1st period - Slapshot by Trevor Zegras.
6:59 of 1st period - Stopped by Jacob Markstrom without a rebound.
7:00 of 1st period - Nicolas Roy wins face-off versus Dylan Larkin in Montreal Canadiens zone.
7:13 of 1st period - Slapshot by Dylan Larkin.
7:13 of 1st period - Shot Misses the Net.
7:48 of 1st period - Slapshot by Adam Fox.
7:48 of 1st period - Deflect By Jake Evans.
7:48 of 1st period - Stopped by James Reimer without a rebound.
7:49 of 1st period - Trevor Zegras wins face-off versus Tyson Jost in Toronto Maple Leafs zone.
7:49 of 1st period - Trevor Zegras is hit by Scott Mayfield.
8:05 of 1st period - Wrist shot by Tyson Jost.
8:05 of 1st period - Stopped by James Reimer with a rebound.
8:15 of 1st period - Aaron Ekblad is hit by Miles Wood and loses puck.
8:44 of 1st period - Scott Mayfield is hit by Cody Ceci and loses puck.
9:39 of 1st period - Sam Bennett is hit by Jonathan Marchessault and loses puck.
10:16 of 1st period - Jonas Siegenthaler is hit by Martin Necas and loses puck.
11:05 of 1st period - Slapshot by Adam Fox.
11:05 of 1st period - Deflect By Jack Quinn.
11:05 of 1st period - Stopped by James Reimer with a rebound.
11:07 of 1st period - Snap shot by Tomas Nosek.
11:07 of 1st period - Shot Blocked by Sam Bennett.
11:09 of 1st period - Snap shot by Tyler Myers.
11:09 of 1st period - Stopped by James Reimer with a rebound.
11:11 of 1st period - Slapshot by Tyler Myers.
11:11 of 1st period - Stopped by James Reimer with a rebound.
11:49 of 1st period - Slapshot by Dylan Larkin.
11:49 of 1st period - Stopped by James Reimer with a rebound.
12:00 of 1st period - Off-side.
12:01 of 1st period - Martin Necas wins face-off versus Trevor Zegras in neutral zone.
12:17 of 1st period - Off-side.
12:18 of 1st period - Sam Bennett wins face-off versus Dylan Larkin in neutral zone.
12:21 of 1st period - Wrist shot by Brady Tkachuk.
12:21 of 1st period - Stopped by Jacob Markstrom without a rebound.
12:22 of 1st period - Sam Bennett wins face-off versus Dylan Larkin in Montreal Canadiens zone.
13:33 of 1st period - Snap shot by Scott Laughton.
13:33 of 1st period - Stopped by Jacob Markstrom without a rebound.
13:34 of 1st period - Dylan Larkin wins face-off versus Scott Laughton in Montreal Canadiens zone.
13:59 of 1st period - Luke Schenn is hit by Filip Forsberg.
14:05 of 1st period - Wrist shot by Sidney Crosby.
14:05 of 1st period - Stopped by James Reimer with a rebound.
14:21 of 1st period - Wrist shot by Trevor Zegras.
14:21 of 1st period - Stopped by Jacob Markstrom without a rebound.
14:22 of 1st period - Dylan Larkin wins face-off versus Andrew Mangiapane in Montreal Canadiens zone.
14:30 of 1st period - Slapshot by Cody Ceci.
14:30 of 1st period - Stopped by Jacob Markstrom with a rebound.
14:34 of 1st period - Wrist shot by Trevor Zegras.
14:34 of 1st period - Shot Misses the Net.
14:48 of 1st period - Wrist shot by Nicolas Roy.
14:48 of 1st period - Deflect By Josh Bailey.
14:48 of 1st period - Stopped by Jacob Markstrom with a rebound.
15:32 of 1st period - Scott Laughton is hit by Dylan Larkin and loses puck.
15:47 of 1st period - Minor Penalty to Brady Skjei for Hooking.
15:48 of 1st period - Dylan Larkin wins face-off versus Sam Bennett in Montreal Canadiens zone.
15:51 of 1st period - Snap shot by Brady Tkachuk.
15:51 of 1st period - Goal by Brady Tkachuk - Toronto Maple Leafs : 2 - Montreal Canadiens : 0.
15:52 of 1st period - Sidney Crosby wins face-off versus Sam Bennett in neutral zone.
17:11 of 1st period - Slapshot by Jack Quinn.
17:11 of 1st period - Deflect By Scott Laughton.
17:11 of 1st period - Shot Misses the Net.
17:11 of 1st period - Puck is out of play.
17:12 of 1st period - Scott Laughton wins face-off versus Tomas Nosek in Toronto Maple Leafs zone.
17:14 of 1st period - Icing by Pierre Engvall.
17:15 of 1st period - Scott Laughton wins face-off versus Filip Forsberg in Toronto Maple Leafs zone.
17:39 of 1st period - Filip Hronek is hit by Scott Laughton and loses puck.
18:43 of 1st period - Snap shot by Jonathan Marchessault.
18:43 of 1st period - Stopped by James Reimer without a rebound.
18:44 of 1st period - Trevor Zegras wins face-off versus Martin Necas in Toronto Maple Leafs zone.
19:13 of 1st period - Snap shot by Filip Forsberg.
19:13 of 1st period - Shot Misses the Net.
19:15 of 1st period - Snap shot by Sidney Crosby.
19:15 of 1st period - Shot Misses the Net.
19:17 of 1st period - Slapshot by Tyler Myers.
19:17 of 1st period - Stopped by James Reimer without a rebound.
19:18 of 1st period - Nicolas Roy wins face-off versus Tomas Nosek in Toronto Maple Leafs zone.
19:44 of 1st period - Double Minor Penalty to Nicolas Roy for High sticking.
19:45 of 1st period - Brady Tkachuk wins face-off versus Sidney Crosby in Toronto Maple Leafs zone.
Goals for this period are 2 for Toronto Maple Leafs vs 0 for Montreal Canadiens.
Shots for this period are 11 for Toronto Maple Leafs vs 12 for Montreal Canadiens.
2nd period
0:01 of 2nd period - Dylan Larkin wins face-off versus Troy Terry in neutral zone.
3:44 of 2nd period - Penalty to Nicolas Roy is over, Nicolas Roy is back on ice.
4:44 of 2nd period - Brady Skjei is hit by Dougie Hamilton and loses puck.
5:28 of 2nd period - Filip Forsberg is hit by Brady Tkachuk and loses puck.
5:40 of 2nd period - Minor Penalty to Jonas Siegenthaler for Interference.
5:41 of 2nd period - Dylan Larkin wins face-off versus Brady Tkachuk in Toronto Maple Leafs zone.
7:37 of 2nd period - Icing by Jake Evans.
7:38 of 2nd period - Jake Evans wins face-off versus Scott Laughton in Montreal Canadiens zone.
7:40 of 2nd period - Penalty to Jonas Siegenthaler is over, Jonas Siegenthaler is back on ice.
8:15 of 2nd period - Slapshot by Josh Bailey.
8:15 of 2nd period - Shot Blocked by Alexandre Carrier.
8:21 of 2nd period - Snap shot by Nicolas Roy.
8:21 of 2nd period - Shot Misses the Net.
8:23 of 2nd period - Snap shot by Josh Bailey.
8:23 of 2nd period - Shot Misses the Net.
8:25 of 2nd period - Slapshot by Cody Ceci.
8:25 of 2nd period - Stopped by Jacob Markstrom with a rebound.
8:47 of 2nd period - Snap shot by Martin Necas.
8:47 of 2nd period - Stopped by James Reimer with a rebound.
8:57 of 2nd period - Snap shot by Jake Evans.
8:57 of 2nd period - Stopped by James Reimer with a rebound.
8:59 of 2nd period - Slapshot by Jake Evans.
8:59 of 2nd period - Stopped by James Reimer without a rebound.
9:00 of 2nd period - Trevor Zegras wins face-off versus Sidney Crosby in Toronto Maple Leafs zone.
9:11 of 2nd period - Snap shot by Filip Forsberg.
9:11 of 2nd period - Shot Blocked by Jonas Siegenthaler.
9:13 of 2nd period - Slapshot by Adam Fox.
9:13 of 2nd period - Shot Blocked by Jonas Siegenthaler.
9:15 of 2nd period - Slapshot by Tyler Myers.
9:15 of 2nd period - Stopped by James Reimer without a rebound.
9:16 of 2nd period - Dylan Larkin wins face-off versus Sam Bennett in Toronto Maple Leafs zone.
9:27 of 2nd period - Snap shot by Miles Wood.
9:27 of 2nd period - Goal by Miles Wood - Toronto Maple Leafs : 2 - Montreal Canadiens : 1.
9:28 of 2nd period - Sidney Crosby wins face-off versus Trevor Zegras in neutral zone.
9:32 of 2nd period - Minor Penalty to Aaron Ekblad for Roughing.
9:33 of 2nd period - Sidney Crosby wins face-off versus Sam Bennett in Toronto Maple Leafs zone.
9:44 of 2nd period - Wrist shot by Patrik Laine.
9:44 of 2nd period - Shot Blocked by Jonas Siegenthaler.
10:00 of 2nd period - Kyle Okposo is hit by Dylan Larkin and loses puck.
10:01 of 2nd period - Kyle Okposo from Toronto Maple Leafs is injured at 10:01 of 2nd period (Sprained Left Knee).
10:02 of 2nd period - Sidney Crosby wins face-off versus Troy Terry in Toronto Maple Leafs zone.
10:11 of 2nd period - Snap shot by Sidney Crosby.
10:11 of 2nd period - Stopped by James Reimer without a rebound.
10:12 of 2nd period - Troy Terry wins face-off versus Sidney Crosby in Toronto Maple Leafs zone.
10:17 of 2nd period - Filip Forsberg is hit by Troy Terry and loses puck.
10:56 of 2nd period - Snap shot by Patrik Laine.
10:56 of 2nd period - Shot Misses the Net.
10:58 of 2nd period - Snap shot by Patrik Laine.
10:58 of 2nd period - Shot Misses the Net.
11:00 of 2nd period - Slapshot by Brady Skjei.
11:00 of 2nd period - Shot Blocked by Cody Ceci.
11:02 of 2nd period - Wrist shot by Patrik Laine.
11:02 of 2nd period - Stopped by James Reimer with a rebound.
11:04 of 2nd period - Slapshot by Brady Skjei.
11:04 of 2nd period - Goal by Brady Skjei - Toronto Maple Leafs : 2 - Montreal Canadiens : 2.
11:05 of 2nd period - Dylan Larkin wins face-off versus Trevor Zegras in neutral zone.
11:50 of 2nd period - Minor Penalty to Sam Bennett for Holding.
11:51 of 2nd period - Dylan Larkin wins face-off versus Brady Tkachuk in Toronto Maple Leafs zone.
12:19 of 2nd period - Snap shot by Filip Forsberg.
12:19 of 2nd period - Stopped by James Reimer with a rebound.
12:21 of 2nd period - Slapshot by Filip Hronek.
12:21 of 2nd period - Stopped by James Reimer with a rebound.
12:25 of 2nd period - Snap shot by Sidney Crosby.
12:25 of 2nd period - Shot Misses the Net.
12:27 of 2nd period - Slapshot by Brady Skjei.
12:27 of 2nd period - Shot Misses the Net.
13:21 of 2nd period - Brady Skjei is hit by Aaron Ekblad.
13:22 of 2nd period - Icing by Brady Skjei.
13:23 of 2nd period - Dylan Larkin wins face-off versus Scott Laughton in Montreal Canadiens zone.
13:50 of 2nd period - Penalty to Sam Bennett is over, Sam Bennett is back on ice.
13:58 of 2nd period - Wrist shot by Jake Evans.
13:58 of 2nd period - Shot Blocked by Ryan Pulock.
14:00 of 2nd period - Snap shot by Brady Skjei.
14:00 of 2nd period - Deflect By Troy Terry.
14:00 of 2nd period - Stopped by James Reimer with a rebound.
14:04 of 2nd period - Snap shot by Tyson Jost.
14:04 of 2nd period - Shot Misses the Net.
14:34 of 2nd period - Christian Fischer is hit by Ryan Pulock and loses puck.
14:45 of 2nd period - Wrist shot by Sam Bennett.
14:45 of 2nd period - Shot Misses the Net.
14:51 of 2nd period - Wrist shot by Aaron Ekblad.
14:51 of 2nd period - Stopped by Jacob Markstrom without a rebound.
14:52 of 2nd period - Sidney Crosby wins face-off versus Trevor Zegras in Montreal Canadiens zone.
15:19 of 2nd period - Nicolas Roy is hit by Alexandre Carrier and loses puck.
15:36 of 2nd period - Wrist shot by Jake Evans.
15:36 of 2nd period - Stopped by James Reimer with a rebound.
15:38 of 2nd period - Wrist shot by Tyson Jost.
15:38 of 2nd period - Shot Misses the Net.
15:40 of 2nd period - Snap shot by Martin Necas.
15:40 of 2nd period - Shot Blocked by Nicolas Roy.
15:42 of 2nd period - Wrist shot by Jake Evans.
15:42 of 2nd period - Stopped by James Reimer without a rebound.
15:43 of 2nd period - Sidney Crosby wins face-off versus Nicolas Roy in Toronto Maple Leafs zone.
16:12 of 2nd period - Jake Evans is hit by Luke Schenn and loses puck.
16:41 of 2nd period - Trevor Zegras is hit by Patrik Laine and loses puck.
17:02 of 2nd period - Luke Schenn is hit by Jonathan Marchessault and loses puck.
17:33 of 2nd period - Nicolas Roy is hit by Alexandre Carrier and loses puck.
17:53 of 2nd period - Josh Bailey is hit by Tyler Myers and loses puck.
18:18 of 2nd period - Snap shot by Josh Bailey.
18:18 of 2nd period - Stopped by Jacob Markstrom without a rebound.
18:19 of 2nd period - Trevor Zegras wins face-off versus Sidney Crosby in Montreal Canadiens zone.
18:25 of 2nd period - Wrist shot by Trevor Zegras.
18:25 of 2nd period - Deflect By Scott Laughton.
18:25 of 2nd period - Shot Misses the Net.
18:25 of 2nd period - Puck is out of play.
18:26 of 2nd period - Sidney Crosby wins face-off versus Trevor Zegras in Montreal Canadiens zone.
18:35 of 2nd period - Snap shot by Trevor Zegras.
18:35 of 2nd period - Shot Misses the Net.
18:37 of 2nd period - Backhand shot by Ryan Pulock.
18:37 of 2nd period - Stopped by Jacob Markstrom without a rebound.
18:38 of 2nd period - Sidney Crosby wins face-off versus Sam Bennett in Montreal Canadiens zone.
19:08 of 2nd period - Minor Penalty to Andrew Mangiapane for Hooking.
19:09 of 2nd period - Dylan Larkin wins face-off versus Brady Tkachuk in Toronto Maple Leafs zone.
19:11 of 2nd period - Snap shot by Dylan Larkin.
19:11 of 2nd period - Shot Blocked by Aaron Ekblad.
19:23 of 2nd period - Snap shot by Sam Bennett.
19:23 of 2nd period - Shot Blocked by Adam Fox.
19:25 of 2nd period - Wrist shot by Brady Tkachuk.
19:25 of 2nd period - Deflect By Adam Fox.
19:25 of 2nd period - Stopped by Jacob Markstrom without a rebound.
19:26 of 2nd period - Sidney Crosby wins face-off versus Troy Terry in Montreal Canadiens zone.
19:26 of 2nd period - Sidney Crosby is hit by Dougie Hamilton.
Goals for this period are 0 for Toronto Maple Leafs vs 2 for Montreal Canadiens.
Shots for this period are 5 for Toronto Maple Leafs vs 13 for Montreal Canadiens.
3rd period
0:01 of 3rd period - Dylan Larkin wins face-off versus Troy Terry in neutral zone.
1:08 of 3rd period - Penalty to Andrew Mangiapane is over, Andrew Mangiapane is back on ice.
1:37 of 3rd period - Jonas Siegenthaler is hit by Christian Fischer and loses puck.
1:44 of 3rd period - Slapshot by Adam Fox.
1:44 of 3rd period - Shot Misses the Net.
1:46 of 3rd period - Slapshot by Christian Fischer.
1:46 of 3rd period - Shot Misses the Net.
1:48 of 3rd period - Wrist shot by Tomas Nosek.
1:48 of 3rd period - Stopped by James Reimer without a rebound.
1:49 of 3rd period - Sidney Crosby wins face-off versus Nicolas Roy in Toronto Maple Leafs zone.
2:00 of 3rd period - Snap shot by Josh Bailey.
2:00 of 3rd period - Stopped by Jacob Markstrom with a rebound.
2:06 of 3rd period - Filip Forsberg is hit by Josh Bailey.
2:28 of 3rd period - Slapshot by Troy Terry.
2:28 of 3rd period - Shot Misses the Net.
2:30 of 3rd period - Backhand shot by Sam Bennett.
2:30 of 3rd period - Shot Misses the Net.
2:46 of 3rd period - Ryan Pulock is hit by Miles Wood and loses puck.
2:52 of 3rd period - Off-side.
2:53 of 3rd period - Sidney Crosby wins face-off versus Sam Bennett in neutral zone.
2:56 of 3rd period - Slapshot by Tyler Myers.
2:56 of 3rd period - Stopped by James Reimer without a rebound.
2:57 of 3rd period - Sam Bennett wins face-off versus Sidney Crosby in Toronto Maple Leafs zone.
2:57 of 3rd period - Sam Bennett is hit by Patrik Laine.
3:13 of 3rd period - Slapshot by Sidney Crosby.
3:13 of 3rd period - Stopped by James Reimer with a rebound.
4:45 of 3rd period - Trevor Zegras is hit by Christian Fischer and loses puck.
5:11 of 3rd period - Jonas Siegenthaler is hit by Brady Skjei and loses puck.
5:43 of 3rd period - Alexandre Carrier is hit by Austin Watson.
5:53 of 3rd period - Patrik Laine is hit by Ryan Pulock.
6:01 of 3rd period - Slapshot by Patrik Laine.
6:01 of 3rd period - Stopped by James Reimer with a rebound.
6:03 of 3rd period - Snap shot by Filip Forsberg.
6:03 of 3rd period - Shot Misses the Net.
7:05 of 3rd period - Slapshot by Patrik Laine.
7:05 of 3rd period - Deflect By Sidney Crosby.
7:05 of 3rd period - Shot Blocked by Luke Schenn.
7:05 of 3rd period - Puck is out of play.
7:06 of 3rd period - Scott Laughton wins face-off versus Sidney Crosby in Toronto Maple Leafs zone.
7:11 of 3rd period - Wrist shot by Pierre Engvall.
7:11 of 3rd period - Shot Blocked by Alexandre Carrier.
7:38 of 3rd period - Snap shot by Brady Tkachuk.
7:38 of 3rd period - Stopped by Jacob Markstrom with a rebound.
8:14 of 3rd period - Off-side.
8:15 of 3rd period - Nicolas Roy wins face-off versus Tomas Nosek in neutral zone.
8:27 of 3rd period - Wrist shot by Jack Quinn.
8:27 of 3rd period - Shot Blocked by Nicolas Roy.
8:29 of 3rd period - Slapshot by Jack Quinn.
8:29 of 3rd period - Stopped by James Reimer with a rebound.
8:31 of 3rd period - Wrist shot by Christian Fischer.
8:31 of 3rd period - Stopped by James Reimer without a rebound.
8:32 of 3rd period - Sidney Crosby wins face-off versus Sam Bennett in Toronto Maple Leafs zone.
8:43 of 3rd period - Snap shot by Sam Bennett.
8:43 of 3rd period - Stopped by Jacob Markstrom with a rebound.
8:45 of 3rd period - Slapshot by Ryan Pulock.
8:45 of 3rd period - Shot Blocked by Patrik Laine.
8:47 of 3rd period - Wrist shot by Sam Bennett.
8:47 of 3rd period - Shot Misses the Net.
9:06 of 3rd period - Snap shot by Trevor Zegras.
9:06 of 3rd period - Stopped by Jacob Markstrom without a rebound.
9:07 of 3rd period - Trevor Zegras wins face-off versus Dylan Larkin in Montreal Canadiens zone.
9:14 of 3rd period - Snap shot by Jonathan Marchessault.
9:14 of 3rd period - Stopped by James Reimer without a rebound.
9:15 of 3rd period - Dylan Larkin wins face-off versus Josh Bailey in Toronto Maple Leafs zone.
9:22 of 3rd period - Slapshot by Jonathan Marchessault.
9:22 of 3rd period - Stopped by James Reimer with a rebound.
9:24 of 3rd period - Snap shot by Miles Wood.
9:24 of 3rd period - Stopped by James Reimer without a rebound.
9:25 of 3rd period - Sidney Crosby wins face-off versus Brady Tkachuk in Toronto Maple Leafs zone.
10:04 of 3rd period - Snap shot by Andrew Mangiapane.
10:04 of 3rd period - Stopped by Jacob Markstrom with a rebound.
10:39 of 3rd period - Craig Smith is hit by Miles Wood and loses puck.
10:46 of 3rd period - Snap shot by Dylan Larkin.
10:46 of 3rd period - Shot Misses the Net.
11:05 of 3rd period - Nicolas Roy is hit by Scott Mayfield and loses puck.
11:10 of 3rd period - Snap shot by Dylan Larkin.
11:10 of 3rd period - Stopped by James Reimer with a rebound.
11:22 of 3rd period - Wrist shot by Josh Bailey.
11:22 of 3rd period - Shot Misses the Net.
11:30 of 3rd period - Slapshot by Dougie Hamilton.
11:30 of 3rd period - Stopped by Jacob Markstrom with a rebound.
11:37 of 3rd period - Icing by Craig Smith.
11:38 of 3rd period - Nicolas Roy wins face-off versus Sidney Crosby in Toronto Maple Leafs zone.
12:11 of 3rd period - Snap shot by Troy Terry.
12:11 of 3rd period - Deflect By Brady Tkachuk.
12:11 of 3rd period - Stopped by Jacob Markstrom with a rebound.
12:13 of 3rd period - Wrist shot by Brady Tkachuk.
12:13 of 3rd period - Stopped by Jacob Markstrom with a rebound.
12:15 of 3rd period - Slapshot by Troy Terry.
12:15 of 3rd period - Stopped by Jacob Markstrom with a rebound.
12:17 of 3rd period - Backhand shot by Troy Terry.
12:17 of 3rd period - Shot Blocked by Adam Fox.
12:19 of 3rd period - Slapshot by Cody Ceci.
12:19 of 3rd period - Shot Misses the Net.
12:36 of 3rd period - Minor Penalty to Scott Laughton for High sticking.
12:37 of 3rd period - Sidney Crosby wins face-off versus Brady Tkachuk in Toronto Maple Leafs zone.
14:36 of 3rd period - Penalty to Scott Laughton is over, Scott Laughton is back on ice.
14:44 of 3rd period - Christian Fischer is hit by Austin Watson and loses puck.
15:34 of 3rd period - Patrik Laine is hit by Craig Smith and loses puck.
15:55 of 3rd period - Jack Quinn is hit by Brady Tkachuk and loses puck.
16:36 of 3rd period - Josh Bailey is hit by Jake Evans and loses puck.
16:55 of 3rd period - Adam Fox is hit by Austin Watson and loses puck.
18:09 of 3rd period - Dougie Hamilton is hit by Filip Hronek and loses puck.
18:20 of 3rd period - Sam Bennett is hit by Dylan Larkin.
18:42 of 3rd period - Nicolas Roy is hit by Miles Wood.
19:03 of 3rd period - Troy Terry is hit by Jack Quinn and loses puck.
19:12 of 3rd period - Jonas Siegenthaler is hit by Jack Quinn and loses puck.
19:50 of 3rd period - Luke Schenn is hit by Alexandre Carrier and loses puck.
Goals for this period are 0 for Toronto Maple Leafs vs 0 for Montreal Canadiens.
Shots for this period are 9 for Toronto Maple Leafs vs 10 for Montreal Canadiens.
Overtime #1
0:01 of 1st overtime period - Sidney Crosby wins face-off versus Brady Tkachuk in neutral zone.
0:26 of 1st overtime period - Tyler Myers is hit by Troy Terry and loses puck.
0:33 of 1st overtime period - Snap shot by Josh Bailey.
0:33 of 1st overtime period - Stopped by Jacob Markstrom with a rebound.
0:35 of 1st overtime period - Snap shot by Troy Terry.
0:35 of 1st overtime period - Stopped by Jacob Markstrom with a rebound.
1:27 of 1st overtime period - Brady Skjei is hit by Ryan Pulock and loses puck.
1:54 of 1st overtime period - Sam Bennett is hit by Jake Evans and loses puck.
2:33 of 1st overtime period - Scott Laughton is hit by Filip Hronek and loses puck.
2:56 of 1st overtime period - Snap shot by Jake Evans.
2:56 of 1st overtime period - Shot Blocked by Ryan Pulock.
3:50 of 1st overtime period - Dylan Larkin is hit by Scott Laughton and loses puck.
4:36 of 1st overtime period - Icing by Tyson Jost.
4:37 of 1st overtime period - Jake Evans wins face-off versus Brady Tkachuk in Montreal Canadiens zone.
Goals for this period are 0 for Toronto Maple Leafs vs 0 for Montreal Canadiens.
Shots for this period are 2 for Toronto Maple Leafs vs 0 for Montreal Canadiens.
ShootOut
5:00 of 1st overtime period - Round #1.
5:00 of 1st overtime period - Toronto Maple Leafs, Brady Tkachuk.
5:00 of 1st overtime period - Snap shot by Brady Tkachuk.
5:00 of 1st overtime period - Stopped by Jacob Markstrom.
5:00 of 1st overtime period - Montreal Canadiens, Sidney Crosby.
5:00 of 1st overtime period - Deke by Sidney Crosby.
5:00 of 1st overtime period - Stopped by James Reimer.
5:00 of 1st overtime period - Round #2.
5:00 of 1st overtime period - Toronto Maple Leafs, Sam Bennett.
5:00 of 1st overtime period - Snap shot by Sam Bennett.
5:00 of 1st overtime period - Shot Misses the Net.
5:00 of 1st overtime period - Montreal Canadiens, Filip Forsberg.
5:00 of 1st overtime period - Snap shot by Filip Forsberg.
5:00 of 1st overtime period - Stopped by James Reimer.
5:00 of 1st overtime period - Round #3.
5:00 of 1st overtime period - Toronto Maple Leafs, Troy Terry.
5:00 of 1st overtime period - Wrist shot by Troy Terry.
5:00 of 1st overtime period - Stopped by Jacob Markstrom.
5:00 of 1st overtime period - Montreal Canadiens, Dylan Larkin.
5:00 of 1st overtime period - Backhand shot by Dylan Larkin.
5:00 of 1st overtime period - Stopped by James Reimer.
5:00 of 1st overtime period - Round #4.
5:00 of 1st overtime period - Toronto Maple Leafs, Andrew Mangiapane.
5:00 of 1st overtime period - Wrist shot by Andrew Mangiapane.
5:00 of 1st overtime period - Shot Misses the Net.
5:00 of 1st overtime period - Montreal Canadiens, Patrik Laine.
5:00 of 1st overtime period - Wrist shot by Patrik Laine.
5:00 of 1st overtime period - Goal by Patrik Laine.
Back to the Top